AoeStats
← Pillage The Village

Oasis

508288178Analyzed
3v3 RM · 10d ago on Sep 21, 2026· 22m 40s· 6 players
Game mode
Random Map
Map size
Normal (6 player)
Population
200
Speed
Normal
Resources
Standard
Victory
Conquest
Starting age
Dark Age
Ending age
Imperial Age
RankedLock teamsTeams togetherTeam positionsShared explorationLock speedFull tech treeHidden civsTurbo modeCheats
Victory
Defeat
🇲🇽 Sicilians · Mexico
1235
+14
🇪🇸 Malians · Spain
1135
+18
🇲🇽 Spanish · Mexico
1097
+19
🇧🇪 Mongols · Belgium
1307
-22
🇧🇪 Khmer · Belgium
1276
-21
🇧🇪 Sicilians · Belgium
944
-25
Pillage The Village
7:04 Loom
9:30 Feudal Age
11:18 Double-Bit Axe
18:00 Castle Age
16:19 Gold Mining
Myll_Barka
3:40 Loom
10:27 Feudal Age
11:11 Double-Bit Axe
12:49 Horse Collar
16:53 Castle Age
16:23 Scale Barding Armor
16:32 Bloodlines
yildiom
13:39 Feudal Age
14:59 Wheelbarrow
dLevantine
0:58 Loom
9:56 Feudal Age
10:22 Double-Bit Axe
14:33 Horse Collar
14:53 Stone Mining
23:20 Castle Age
22:36 Wheelbarrow
22:15 Gold Mining
GUILLOTINA
7:34 Loom
10:37 Feudal Age
15:29 Castle Age
13:52 Scale Mail Armor
16:29 Chain Mail Armor
Jarcoz
10:01 Feudal Age
14:25 Double-Bit Axe
17:14 Castle Age
16:31 Loom
16:32 Town Watch
17:25 Wheelbarrow
18:16 Horse Collar
18:50 Bow Saw
20:17 Bloodlines
21:49 Forging
21:44 Scale Barding Armor
Connection lost

Rejoining the realm…

Still unreachable

The connection could not be restored.

Session expired

The server has moved on; the page needs a fresh start.